 Dungeon Crawl Stone Soup version 0.31-a0-188-g5e087ee2ca (webtiles) character file.

Game seed: 1822014192633685257

214 qw the Skirmisher (level 5, -1/30 HPs)
             Began as a Deep Elf Hunter on June 23, 2023.
             Killed from afar by Ijyb (7 damage)
             ... with a puff of flame
             ... on level 4 of the Dungeon.
             The game lasted 00:00:58 (2869 turns).

qw the Skirmisher (Deep Elf Hunter)                 Turns: 2869, Time: 00:00:58

Health: -1/30      AC:  6    Str: 10    XL:     5   Next: 59%
Magic:  7/7        EV: 16    Int: 14    God:
Gold:   301        SH:  0    Dex: 18    Spells: 4/4 levels left

rFire   . . .        Y - +1 shortbow
rCold   . . .        (shield currently unavailable)
rNeg    + . .        a - +0 ring mail
rPois   .            (no helmet)
rElec   .            (no cloak)
rCorr   .            d - +0 pair of gloves
SInv    .            (no boots)
Will    .....        (no amulet)
Stlth   +            e - ring of positive energy
HPRegen 0.25/turn    i - +5 ring of evasion
MPRegen 0.10/turn

%: no passive effects
@: about to teleport
A: no striking features
a: no special abilities


You were on level 4 of the Dungeon.
You visited 1 branch of the dungeon, and saw 5 of its levels.

You collected 301 gold pieces.


   Skills:
 + Level 1.9 Fighting
 - Level 9.0 Ranged Weapons
 - Level 2.4 Dodging
 - Level 1.2 Stealth


You had 4 spell levels left.
You didn't know any spells.
Your spell library was empty.

Inventory:

Hand Weapons
 Y - a +1 shortbow (weapon)
Armour
 a - a +0 ring mail (worn)
 d - a +0 pair of gloves (worn)
Jewellery
 e - a ring of positive energy (left hand)
 i - a +5 ring of evasion (right hand)
Potions
 f - 2 potions of haste
 g - 2 potions of enlightenment
 h - a potion of curing
 k - a potion of brilliance {unknown}
 l - a potion of heal wounds {unknown}

Dungeon Overview and Level Annotations

Branches:
Dungeon (5/15)
 Temple: D:4-7

Altars:

Annotations:
D:3 1 runed translucent door, Crazy Yiuf
D:4 Ijyb


Message History

Ijyb is lightly wounded.
Ijyb screams, "I no like you!"
Ijyb zaps a wand.
The puff of flame hits you but does no damage.
You shoot an arrow. The arrow hits Ijyb.
Ijyb is moderately wounded.
Ijyb zaps a wand.
The puff of flame hits you!
2859 ||| STAIRDANCE Ijyb barely misses you.
You climb upwards.
There is a stone staircase leading down here.
You shoot an arrow. The arrow hits Ijyb.
Ijyb is moderately wounded.
Ijyb hits you with a +0 club.
You shoot an arrow. The arrow hits Ijyb.
Ijyb is heavily wounded.
Ijyb zaps a wand.
The puff of flame hits you.
You shoot an arrow. The arrow hits Ijyb!
Ijyb is almost dead.
Ijyb screams, "It's all mine!"
Ijyb closely misses you.
You shoot an arrow. The arrow hits Ijyb.
Ijyb is almost dead.
Ijyb completely misses you.
You shoot an arrow. The arrow closely misses Ijyb.
Ijyb hits you with a +0 club.
You shoot an arrow. The arrow hits Ijyb but does no damage.
Ijyb is almost dead.
Ijyb completely misses you.
You shoot an arrow. The arrow hits Ijyb but does no damage.
Ijyb is almost dead.
Ijyb zaps a wand.
The puff of flame hits you!
2868 ||| READING scroll of teleportation.
As you read the scroll of teleportation, it crumbles to dust.
You feel strangely unstable. Ijyb hits you with a +0 club.
You shoot an arrow. The arrow hits Ijyb but does no damage.
Ijyb is almost dead.
Ijyb zaps a wand.
The puff of flame hits you!
You die...

...#.......................#
.....######......#########.#
............####.# #.#
....########## #.# #.#
...###.......###.# #.#
#.####.#####.....#########.###
.......##.##.###.............#
..###..#...#...(.#######.....#
..# #.........##@g..<........#
..###.........##.#######.....#
......######..##.## #.....####
....###~~~~####...#######.#..##..
...###~~~~~~###.#........###....#
......~~..........###..##.#.....#
.....%~..........####..###.####.#
.#..~....~~.................# #..
....~..~~..~....#.###..###..# ###


You could see Ijyb.

Vanquished Creatures
  A kobold brigand (D:4)
  A scorpion (D:4)
  A mummy (D:4)
  An adder (D:2)
  An orc (D:3)
  7 ball pythons
  8 endoplasms
  4 giant cockroaches
  7 goblins
  5 hobgoblins
  5 jackals
  5 kobolds (D:1)
  2 quokkas
  4 bats
  3 frilled lizards (D:1)
  2 kobold zombies (D:4)
  2 orc zombies (D:4)
  5 rats
64 creatures vanquished.

Notes
Turn   | Place    | Note
-------+----------+-------------------------------------------
     0 | D:1      | qw the Deep Elf Hunter began the quest for the Orb.
     0 | D:1      | Reached XP level 1. HP: 12/12 MP: 3/3
     0 | D:1      | 0 ||| qw: Version: 0.3-a-9-g12657ce
     0 | D:1      | 0 ||| qw: Game counter: 4096
     0 | D:1      | 0 ||| qw: Always use a shield: true
     0 | D:1      | 0 ||| qw: God list: Okawaru
     0 | D:1      | 0 ||| qw: Allow faded altars: false
     0 | D:1      | 0 ||| qw: Do Orc after D:15 true
     0 | D:1      | 0 ||| qw: Do second Lair branch before Depths: true
     0 | D:1      | 0 ||| qw: Lair rune preference: random
     0 | D:1      | 0 ||| qw: Plans: Normal
     0 | D:1      | 0 ||| PLANNING D:1-11
   151 | D:1      | Reached XP level 2. HP: 16/16 MP: 4/4
   152 | D:1      | Reached skill level 6 in Ranged Weapons
   415 | D:1      | Reached XP level 3. HP: 20/20 MP: 5/5
   784 | D:1      | 784 ||| UPGRADING to +0 pair of gloves.
   789 | D:1      | 789 ||| UPGRADING to ring of positive energy.
   790 | D:1      | 790 ||| READING scroll labelled NOISCH NEZIL.
   823 | D:1      | 823 ||| READING scroll labelled YKHOX BELUTALA.
   824 | D:1      | 824 ||| READING scroll labelled FOFYMI ROUDAM.
   825 | D:1      | 825 ||| READING scroll labelled TECLIK POCS.
   826 | D:1      | 826 ||| DROPPING scroll of butterflies.
   994 | D:2      | Reached skill level 7 in Ranged Weapons
  1026 | D:2      | You fall into a shaft and drop 1 floor!
  1075 | D:3      | 1075 ||| READING scroll labelled JEULAOSAFINU.
  1076 | D:3      | 1076 ||| READING scroll labelled AJANUO JOOL.
  1082 | D:3      | 1082 ||| FLEEEEING.
  1084 | D:3      | 1084 ||| FLEEEEING.
  1085 | D:3      | 1085 ||| FLEEEEING.
  1086 | D:3      | 1086 ||| FLEEEEING.
  1105 | D:3      | 1105 ||| FLEEEEING.
  1106 | D:3      | 1106 ||| STAIRDANCE
  1206 | D:2      | Found a faded altar of an unknown god.
  1406 | D:2      | 1406 ||| READING scroll labelled TOROMP USEIMO.
  2016 | D:3      | Identified the +2 hammer of Yfaclink {freeze, rF+ Str+3
                  | Dex+3}
  2020 | D:3      | Found a runed translucent door.
  2021 | D:3      | Noticed Crazy Yiuf
  2024 | D:3      | 2024 ||| UPGRADING to +0 ring mail.
  2034 | D:3      | 2034 ||| DROPPING +0 leather armour.
  2035 | D:3      | 2035 ||| UPGRADING to +5 ring of evasion.
  2036 | D:3      | 2036 ||| READING scroll labelled KOTHAY CENED.
  2037 | D:3      | 2037 ||| DRINKING 3 dark potions.
  2143 | D:4      | Reached XP level 4. HP: 25/25 MP: 6/6
  2197 | D:4      | Noticed a scorpion
  2203 | D:4      | Killed a scorpion
  2204 | D:4      | Reached skill level 8 in Ranged Weapons
  2235 | D:4      | Noticed a kobold brigand
  2248 | D:4      | Killed a kobold brigand
  2249 | D:4      | Reached XP level 5. HP: 18/29 MP: 7/7
  2314 | D:4      | Reached skill level 9 in Ranged Weapons
  2772 | D:4      | 2772 ||| READING scroll labelled WAPSIKAALA.
  2773 | D:4      | 2773 ||| READING scroll labelled QIYSEO SEL DUE.
  2774 | D:4      | 2774 ||| DRINKING 2 inky potions.
  2775 | D:4      | 2775 ||| DRINKING 2 fuming orange potions.
  2776 | D:4      | 2776 ||| DROPPING potion of attraction.
  2827 | D:5      | Entered Level 5 of the Dungeon
  2827 | D:5      | Noticed Ijyb
  2829 | D:5      | 2829 ||| STAIRDANCE
  2859 | D:5      | 2859 ||| STAIRDANCE
  2867 | D:4      | HP: 7/30 [Ijyb/puff of flame (8)]
  2868 | D:4      | 2868 ||| READING scroll of teleportation.
  2869 | D:4      | Killed from afar by Ijyb

Levels and vault maps discovered:
D:1:      lightli_arrival_windingriver, layout_basic
D:2:      layout_basic, chequers_ecumenical_altar_grove,
          kennysheep_generic_room_14
D:3:      layout_loops_cross, minmay_crystal_room, uniq_crazy_yiuf_cottage
D:4:      cheibrodos_helix_gallery, layout_loops_ring, minmay_mini_ossuary
D:5:      kennysheep_six_static_rooms, layout_basic, tgw_sif,
          nicolae_inconvenience_store, nicolae_shop_i_like_small_books_too,
          uniq_duvessa, uniq_ijyb

Skill      XL: |  1  2  3  4  5 |
---------------+----------------+-----
Ranged Weapons | 6 7 8 9 |  9.0
Fighting       | |  1.9
Dodging        | |  2.4
Stealth        | |  1.2

Action                     |  1- 3 |  4- 6 || total
---------------------------+-------+-------++-------
   Fire: Shortbow          |   132 |    56 ||   188
    Use: Scroll            |     8 |     3 ||    11
         Potion            |     1 |     2 ||     3
 Armour: Leather armour    |     8 |       ||     8
         Ring mail         |       |     3 ||     3
  Dodge: Dodged            |    29 |    13 ||    42

Table legend:
 A = Non-vault XP
 B = Vault XP
 C = Vault XP percentage of total XP
 D = Non-vault monster count
 E = Vault monster count
 F = Vault count percentage of total count
                 A         B        C        D         E       F
            +---------+---------+-------+---------+---------+-------
      Total |     277 |      29 |   9.5 |      57 |       7 |  10.9
            +---------+---------+-------+---------+---------+-------
        D:1 |      52 |       0 |   0.0 |      30 |       0 |   0.0
        D:2 |      31 |       0 |   0.0 |      12 |       0 |   0.0
        D:3 |      10 |       0 |   0.0 |       7 |       0 |   0.0
        D:4 |     184 |      29 |  13.6 |       8 |       7 |  46.7
            +---------+---------+-------+---------+---------+-------
